AoeStats
← schwellle

Nomad

508930002Analyzed
2v2 RM · 9d ago on Sep 24, 2026· 42m 53s· 4 players
Game mode
Random Map
Map size
176×176
Population
200
Speed
Normal
Resources
Standard
Victory
Conquest
Starting age
Dark Age
Ending age
Imperial Age
RankedLock teamsTeams togetherTeam positionsShared explorationLock speedFull tech treeHidden civsTurbo modeCheats
Victory
Defeat
🇲🇽 Hindustanis · Mexico
1095
+13
🇹🇷 Bulgarians · Türkiye
1068
+14
🇩🇪 Saxons · Germany
1036
-14
🇩🇪 Varangians · Germany
1010
-13
Gkzaim
6:25 Loom
15:58 Feudal Age
16:20 Fishing Lines
18:04 Horse Collar
20:47 Castle Age
21:44 Gold Mining
22:36 Husbandry
22:46 Bloodlines
25:04 Forging
25:00 Scale Barding Armor
25:36 Stone Mining
29:36 Iron Casting
36:40 Imperial Age
36:22 Gillnets
37:43 Stirrups
39:00 Blast Furnace
38:21 Chain Barding Armor
39:54 Conscription
38:59 Elite Konnik
41:41 Wheelbarrow
41:52 Plate Barding Armor
Atila el tres
4:42 Loom
14:00 Feudal Age
19:59 Castle Age
17:49 Double-Bit Axe
19:59 Scale Mail Armor
21:24 Squires
23:08 Fletching
23:58 Forging
26:06 Gold Mining
29:14 Chain Mail Armor
31:07 Stone Mining
36:23 Imperial Age
33:57 Horse Collar
35:40 Bodkin Arrow
Oberleutnant
14:42 Feudal Age
20:17 Castle Age
19:15 Stone Mining
22:56 Wheelbarrow
26:06 Fishing Lines
26:53 Ballistics
30:01 Scale Barding Armor
32:14 Husbandry
32:45 Forging
32:58 Chain Barding Armor
34:24 Bloodlines
36:05 Iron Casting
42:43 Hand Cart
schwellle
5:44 Loom
12:40 Feudal Age
13:15 Double-Bit Axe
14:15 Fishing Lines
19:47 Stone Mining
21:59 Castle Age
20:06 Fletching
21:43 Gold Mining
23:21 Bodkin Arrow
28:35 Scale Mail Armor
39:48 Squires
Connection lost

Rejoining the realm…

Still unreachable

The connection could not be restored.

Session expired

The server has moved on; the page needs a fresh start.